 Dungeon Crawl Stone Soup version 0.18.1-50-g88ac8fd (webtiles) character file.

8729 magog001 the Blocker (level 11, -14/69 HPs)
             Began as a Gargoyle Fighter on Nov 22, 2018.
             Was an Elder of Nemelex Xobeh.
             Killed by Ozocubu's Refrigeration
             ... invoked by Fannar
              (37 damage)
             ... on level 11 of the Dungeon on Dec 5, 2018.
             The game lasted 01:16:11 (13788 turns).

magog001 the Blocker (Gargoyle Fighter)            Turns: 13788, Time: 01:16:15

Health: -14/69     AC: 21    Str: 37    XL:     11   Next: 35%
Magic:  11/11      EV:  9    Int:  9    God:    Nemelex Xobeh [****..]
Gold:   661        SH: 20    Dex: 11    Spells: 0 memorised, 10 levels left

rFire  + + .     SeeInvis +     t - +8 morningstar of the Jolly Wonders {distort, rElec Str+4 Dex+2}
rCold  x . .     Gourm    .     I - +1 fire dragon armour
rNeg   + + .     Faith    .     a - +6 shield of Urghuapic {rN+ Stlth+}
rPois  ∞         Spirit   .     (no helmet)
rElec  +         Dismiss  .     (no cloak)
rCorr  .         Reflect  .     J - +0 pair of gloves
SustAt .         Harm     .     (no boots)
MR     .....     Rnd*Tele +     (no amulet)
Stlth  +++.......               y - +5 ring of strength
                                h - ring of see invisible

@: mighty, not resistant to hostile enchantments, fairly stealthy
A: negative energy resistance 1, sense surroundings 1, electricity resistance,
teleportitis 1, unbreathing, petrification resistance, rot immunity, MP-powered
wands, AC +7
a: Triple Draw, Deal Four, Renounce Religion


You were on level 11 of the Dungeon.
You worshipped Nemelex Xobeh.
Nemelex Xobeh was greatly pleased with you.
You were not hungry.

You visited 2 branches of the dungeon, and saw 12 of its levels.
You also visited: Sewer and Bailey.

You collected 661 gold pieces.

Inventory:

Hand Weapons
 t - the +8 morningstar of the Jolly Wonders (weapon) {distort, rElec Str+4 Dex+2}
   (You found it on level 6 of the Dungeon)

   It warps and distorts space around it.
   Unwielding it can cause banishment or high damage.
   It affects your strength (+4).
   It affects your dexterity (+2).
   It insulates you from electricity.
Missiles
 L - 5 tomahawks (quivered)
Armour
 a - the +6 shield of Urghuapic (worn) {rN+ Stlth+}
   (You found it in a bailey)

   It protects you from negative energy.
   It makes you more stealthy.
 I - a +1 fire dragon armour (worn)
 J - a +0 pair of gloves (worn)
 R - a +0 plate armour
Jewellery
 h - a ring of see invisible (left hand)
 y - a +5 ring of strength (right hand)
 F - an uncursed amulet of dismissal
Wands
 l - a wand of disintegration (10/24)
 E - a wand of slowing (34/48)
 S - a wand of disintegration (10/24)
Scrolls
 b - a scroll of random uselessness {unknown}
 e - 3 scrolls of teleportation
 i - 4 scrolls of fear
 o - 6 scrolls of identify
 r - a scroll of fog
 w - 2 scrolls of blinking
 x - 2 scrolls of recharging
 z - 2 scrolls of remove curse
 A - a scroll of enchant weapon {unknown}
 B - 4 scrolls of magic mapping
 H - a scroll of noise {unknown}
 P - a scroll of immolation {unknown}
Potions
 d - a potion of might
 g - a potion of ambrosia {unknown}
 m - 4 potions of cancellation
 n - a potion of resistance
 q - 2 potions of brilliance
 s - a potion of curing
 D - a potion of cure mutation
Miscellaneous
 j - an ornate deck of war {drawn: 3}
 k - a plain deck of war
 p - a plain deck of destruction
 M - a plain deck of escape
 O - a plain deck of destruction
 Q - a plain deck of destruction
 T - an ornate deck of escape
Comestibles
 c - a royal jelly
 f - 7 bread rations
 u - 2 meat rations
 v - 7 chunks of flesh
 C - 2 slices of pizza
 G - 7 fruits
 K - a beef jerky


   Skills:
 * Level 8.4 Fighting
 * Level 8.6 Maces & Flails
 * Level 9.0 Armour
 * Level 6.9 Stealth
 * Level 10.7 Shields
 + Level 1.2 Evocations


You had 10 spell levels left.
You didn't know any spells.

Dungeon Overview and Level Annotations

Branches:
Dungeon (11/15)            Temple (1/1) D:5            Lair (0/8) D:8
    Orc: D:9-12

Altars:
Ashenzari
Dithmenos
Elyvilon
Gozag
Kikubaaqudgha
Makhleb
Nemelex Xobeh
Okawaru
Pakellas
Qazlal
Ru
Sif Muna
Vehumet
Yredelemnul

Annotations:
D:11 Fannar


Innate Abilities, Weirdness & Mutations

You are resistant to torment.
Your stone body is resilient (AC +7).
You are immune to poison.
You resist negative energy.
You are resistant to electric shocks.
You can survive without breathing.
You are immune to petrification.
You are immune to rotting.
You passively map a small area around you.
You are occasionally teleported next to monsters.
You expend magic power (3 MP) to strengthen your wands.


Message History

You feel better. Fannar hits you but does no damage.
Drink which item? (? for menu, Esc to quit)
You feel very mighty all of a sudden.
Fannar gestures wildly while chanting.
Fannar drains the heat from the surrounding environment!
You feel a terrible chill!
You feel very cold.
* * * LOW HITPOINT WARNING * * *
Fannar is frozen.
Fannar resists.
Fannar is heavily wounded.
Drink which item? (? for menu, Esc to quit)
You feel better. Fannar barely misses you.
Drink which item? (? for menu, Esc to quit)
You feel better.
Some snowflakes condense on Fannar.
Fannar gestures wildly while chanting.
Fannar drains the heat from the surrounding environment!
You feel a terrible chill!
You feel very cold.
Ouch! That really hurt!
You die...
Your body glows with a rainbow of weird colours and disappears.

#............#
*
#...<.....##.#
#.........#
#.........#*,
#...###...# ,*
* #...###.....
*
#............
#............
#..@e....### *
#.......... ,,
#.......... *
, #.#####.###
#.* .# #. * #
* , #., , #. ,
*


You could see Fannar.

Vanquished Creatures
  An unseen horror (D:10)
  Pikel (D:9)
  An orc knight (Bailey)
  Psyche (D:9)
  The ghost of magog001 the Shield-Bearer, an amateur GrFi (D:6)
  A wyvern (D:7)
  A hungry ghost (D:8)
  Grum (D:9)
  3 hippogriffs
  2 wargs (D:8)
  A water moccasin (D:7)
  A sky beast (D:7)
  7 orc warriors
  An ice beast (D:10)
  A black bear (D:7)
  4 ogres
  3 centaurs
  A crocodile (D:10)
  3 phantoms
  2 wolves (D:9)
  Blork the orc (D:6)
  5 big kobolds
  5 giant frogs
  A water moccasin zombie (D:6)
  A wyvern skeleton (D:8)
  5 scorpions
  5 killer bees (D:10)
  5 howler monkeys
  8 wights
  6 crimson imps
  4 hounds
  A jelly (D:8)
  5 orc priests
  2 giant frog zombies (D:10)
  A centaur skeleton (D:6)
  3 iguanas
  11 orc wizards
  Terence (D:3)
  6 worker ants
  2 killer bee zombies (D:11)
  A hound zombie (D:10)
  A hound skeleton (D:4)
  A worker ant zombie (D:5)
  4 gnolls (D:10)
  7 river rats
  22 adders
  2 shadow imps
  3 oozes
  4 adder skeletons
  3 worms
  2 dart slugs
  6 giant geckos
  50 orcs
  12 giant cockroaches
  7 goblins
  6 hobgoblins
  14 jackals
  18 kobolds
  6 quokkas
  5 ball pythons
  5 bats
  A giant gecko zombie (D:7)
  6 giant newts
  A gnoll zombie (D:6)
  A jackal skeleton (D:4)
  2 quokka zombies (D:8)
  32 rats
337 creatures vanquished.

Vanquished Creatures (others)
  A slave (D:9)
  A giant frog (D:8)
  2 scorpions
  A giant frog zombie (D:6)
  An iguana (D:9)
  2 worker ants
  3 orcs
11 creatures vanquished.

Grand Total: 348 creatures vanquished

Notes
Turn   | Place    | Note
--------------------------------------------------------------
     0 | D:1      | magog001 the Gargoyle Fighter began the quest for the Orb.
     0 | D:1      | Reached XP level 1. HP: 14/14 MP: 1/1
    67 | D:1      | Reached XP level 2. HP: 12/19 MP: 2/2
   428 | D:1      | Reached skill level 1 in Stealth
   501 | D:1      | Reached XP level 3. HP: 23/23 MP: 3/3
   777 | D:2      | Reached skill level 4 in Shields
  1016 | D:2      | Reached XP level 4. HP: 24/28 MP: 4/4
  1326 | D:2      | Found a burning altar of Makhleb.
  1573 | D:2      | Found a shadowy altar of Dithmenos.
  1818 | D:3      | Found a faded altar to an unknown god.
  1829 | D:3      | Noticed Terence
  1843 | D:3      | Killed Terence
  1843 | D:3      | Reached XP level 5. HP: 28/33 MP: 5/5
  1934 | D:3      | Found a glowing drain.
  1944 | Sewer    | Entered a sewer
  2063 | Sewer    | Noticed a big kobold
  2099 | Sewer    | Killed a big kobold
  2099 | Sewer    | Reached skill level 5 in Shields
  2099 | Sewer    | Reached XP level 6. HP: 36/38 MP: 6/6
  2468 | Sewer    | Reached skill level 6 in Shields
  2468 | Sewer    | Reached XP level 7. HP: 44/44 MP: 7/7
  3309 | D:4      | Reached skill level 5 in Armour
  3655 | D:4      | You fall through a shaft for 2 floors!
  3655 | D:6      | Noticed magog001's ghost (amateur GrFi)
  3663 | D:6      | Got a dazzling morningstar
  3667 | D:5      | Entered Level 5 of the Dungeon
  3690 | D:5      | Identified the +8 morningstar of the Jolly Wonders {distort, rElec Str+4 Dex+2} (You found it on level 6 of the Dungeon)
  3774 | D:6      | Reached XP level 8. HP: 42/48 MP: 8/8
  3860 | D:5      | Reached skill level 5 in Fighting
  3864 | D:5      | Found a staircase to the Ecumenical Temple.
  3883 | Temple   | Entered the Ecumenical Temple
  4025 | Temple   | Became a worshipper of Nemelex Xobeh the Trickster
  4087 | D:4      | Received a gift from Nemelex Xobeh
  4114 | D:4      | Reached skill level 7 in Shields
  4286 | D:4      | Identified a +0 rod of clouds (11/11) (You found it on level 5 of the Dungeon)
  6060 | D:5      | Reached skill level 5 in Maces & Flails
  6365 | D:6      | Killed magog001's ghost
  6379 | D:6      | Reached XP level 9. HP: 55/55 MP: 9/9
  6488 | D:6      | Reached * piety under Nemelex Xobeh
  6498 | D:6      | Found a shattered altar of Ashenzari.
  6697 | D:6      | Noticed Blork the orc
  6714 | D:6      | Found a basalt altar of Yredelemnul.
  6854 | D:6      | Killed Blork the orc
  6938 | D:6      | Found a sacrificial altar of Ru.
  6944 | D:6      | Received a gift from Nemelex Xobeh
  7035 | D:6      | Reached skill level 8 in Shields
  7218 | D:7      | Reached skill level 5 in Stealth
  7298 | D:7      | Gained mutation: You are occasionally teleported next to monsters. [mutagenic meat]
  7299 | D:7      | Gained mutation: You passively map a small area around you. [mutagenic meat]
  7300 | D:7      | Gained mutation: You expend magic power (3 MP) to strengthen your wands. [mutagenic meat]
  7404 | D:7      | Found an ancient bone altar of Kikubaaqudgha.
  7424 | D:7      | Found a deep blue altar of Sif Muna.
  7431 | D:7      | Found an oddly glowing altar of Pakellas.
  7440 | D:7      | Found an opulent altar of Gozag.
  8150 | D:8      | Reached XP level 10. HP: 63/63 MP: 10/10
  8160 | D:8      | Reached ** piety under Nemelex Xobeh
  8161 | D:8      | Found a flagged portal.
  8170 | Bailey   | Entered a bailey
  8332 | Bailey   | Reached skill level 9 in Shields
  8334 | Bailey   | Noticed an orc knight
  8336 | Bailey   | Noticed an orc knight
 10251 | Bailey   | Got a polished shield
 10276 | Bailey   | Killed an orc knight
 10534 | Bailey   | Identified the +6 shield of Urghuapic {rN+ Stlth+} (You found it in a bailey)
 10645 | D:8      | Found a staircase to the Lair.
 10939 | D:8      | Received a gift from Nemelex Xobeh
 11477 | D:8      | Received a gift from Nemelex Xobeh
 11700 | D:9      | Reached *** piety under Nemelex Xobeh
 11872 | D:9      | Noticed Grum
 11882 | D:9      | Killed Grum
 11968 | D:9      | Reached skill level 10 in Shields
 12349 | D:9      | Noticed Pikel
 12368 | D:9      | Killed Pikel
 12395 | D:9      | Reached skill level 1 in Evocations
 12476 | D:9      | Reached XP level 11. HP: 68/68 MP: 11/11
 12487 | D:9      | Received a gift from Nemelex Xobeh
 12704 | D:9      | Noticed Psyche
 12708 | D:9      | Killed Psyche
 12844 | D:10     | Entered Level 10 of the Dungeon
 12923 | D:10     | Noticed an unseen horror
 12927 | D:10     | Received a gift from Nemelex Xobeh
 12937 | D:10     | Killed an unseen horror
 12949 | D:10     | Reached **** piety under Nemelex Xobeh
 13146 | D:10     | Received a gift from Nemelex Xobeh
 13776 | D:11     | Noticed Fannar
 13788 | D:11     | Killed from afar by Fannar

Skill      XL: |  1  2  3  4  5  6  7  8  9 10 11 |
---------------+----------------------------------+-----
Stealth        | 1 2 3 4 5 6 |  6.9
Shields        | 4 5 6 7 8 10 | 10.7
Armour         | 4 5 6 7 8 9 |  9.0
Fighting       | 4 5 7 8 |  8.4
Maces & Flails | 3 5 6 7 8 |  8.6
Evocations     | 1 |  1.2

Action                   |  1- 3 |  4- 6 |  7- 9 | 10-12 || total
-------------------------+-------+-------+-------+-------++-------
Melee: Flail             |   126 |   329 |   151 |       ||   606
       Morningstar       |       |       |   281 |   284 ||   565
Evoke: Wand              |       |       |     5 |    20 ||    25
       Deck              |       |       |       |     3 ||     3
  Use: Scroll            |     2 |     6 |     4 |     7 ||    19
       Potion            |       |     1 |     7 |     4 ||    12
 Stab: Sleeping          |       |       |       |     4 ||     4
  Eat: Chunk             |       |     5 |    13 |     8 ||    26
       Beef jerky        |       |     1 |     1 |       ||     2
       Meat ration       |       |       |     2 |     1 ||     3
       Bread ration      |       |       |       |     1 ||     1
       Pizza             |       |       |       |     1 ||     1
Armor: Scale mail        |   136 |    64 |       |       ||   200
       Chain mail        |       |   115 |   188 |    44 ||   347
       Fire dragon armou |       |       |       |   106 ||   106
Dodge: Dodged            |    54 |    80 |    95 |    95 ||   324
Block: Shield            |   117 |   190 |   262 |   398 ||   967
